[Event "Eurasia Open Cup 2019"]
[Site "Ekaterinburg"]
[Date "2019.08.06"]
[Round "6.36"]
[White "Fedotov, Alexey"]
[Black "Zasukhin, Vadim"]
[Result "0-1"]
[ECO "D00"]
[WhiteElo "2141"]
[BlackElo "2249"]
[Annotator "NA"]
[PlyCount "120"]
[EventDate "2019.07.31"]
[EventType "swiss"]
[EventCountry "RUS"]
[SourceTitle "playchess.com"]
[Source "ChessBase"]
[SourceQuality "1"]
[TimeControl "5400+30"]

1. d4 Nf6 2. Bf4 d5 3. e3 c5 4. dxc5 Qa5+ 5. Nc3 e6 6. Qd4 Nc6 7. Bb5 Bd7 8. Bxc6 Bxc6 9. b4 Qa3 10. Nge2 a5 11. b5 Bxc5 12. Qd3 Bd7 13. Rb1 a4 14. O-O O-O 15. Nd4 Rfc8 16. Nce2 Qxa2 17. Ra1 Qc4 18. Qxc4 dxc4 19. Nc3 Nd5 20. Nxd5 exd5 21. c3 f6 22. Rfb1 g5 23. Bg3 b6 24. Ra2 Ra5 25. h3 Kf7 26. Kf1 Ke7 27. Ke1 h5 28. Kd2 h4 29. Bh2 Rg8 30. f3 f5 31. Be5 g4 32. hxg4 fxg4 33. f4 h3 34. g3 Bxd4 35. Bxd4 Rxb5 36. Rxb5 Bxb5 37. e4 dxe4 38. Ke3 Bd7 39. Bxb6 Rb8 40. Bc5+ Ke8 41. Bb4 Rb6 42. Kd4 Re6 43. f5 Rh6 44. Rh2 Bxf5 45. Ke5 Rh5 46. Kd5 Bh7+ 47. Kxc4 Rf5 48. Kd4 Rf3 49. Bd6 Rd3+ 50. Ke5 Kd7 51. Bb4 Rxg3 52. Kf4 Rg2 53. Rh1 h2 54. Bc5 g3 55. c4 a3 56. Ra1 a2 57. Bd4 Rd2 58. Kxg3 Rxd4 59. Kxh2 e3 60. Kg3 e2 0-1

[Event "Eurasia Open Cup 2019"]
[Site "Ekaterinburg"]
[Date "2019.08.06"]
[Round "6.37"]
[White "Akhtariev, Andrey"]
[Black "Shvetsov, Maksim"]
[Result "1-0"]
[ECO "B45"]
[WhiteElo "2243"]
[BlackElo "1964"]
[Annotator "NA"]
[PlyCount "69"]
[EventDate "2019.07.31"]
[EventType "swiss"]
[EventCountry "RUS"]
[SourceTitle "playchess.com"]
[Source "ChessBase"]
[SourceQuality "1"]
[TimeControl "5400+30"]

1. e4 c5 2. Nf3 Nc6 3. d4 cxd4 4. Nxd4 Nf6 5. Nc3 e6 6. Ndb5 Bb4 7. a3 Bxc3+ 8. Nxc3 d5 9. exd5 exd5 10. Bd3 O-O 11. O-O d4 12. Ne2 Re8 13. Bg5 Qd6 14. h3 Bd7 15. Bf4 Qd5 16. c3 dxc3 17. Nxc3 Qd4 18. Bg3 Rad8 19. Qc2 Qb6 20. Rad1 Be6 21. Na4 Qa5 22. b4 Qg5 23. Nc5 Nd4 24. Qb2 Nh5 25. Nxb7 Nxg3 26. fxg3 Rd5 27. Bc4 Qe3+ 28. Kh2 Rb5 29. Bxe6 Nxe6 30. Nd6 Rbb8 31. Nxe8 Rxe8 32. Rd7 Rf8 33. Qf2 Qxa3 34. Rxf7 Qxb4 35. Qf5 1-0

[Event "Eurasia Open Cup 2019"]
[Site "Ekaterinburg"]
[Date "2019.08.06"]
[Round "6.38"]
[White "Miroshnik, Ekaterina"]
[Black "Schepetkova, Margarita"]
[Result "1-0"]
[ECO "E14"]
[WhiteElo "2103"]
[BlackElo "2241"]
[Annotator "NA"]
[PlyCount "82"]
[EventDate "2019.07.31"]
[EventType "swiss"]
[EventCountry "RUS"]
[SourceTitle "playchess.com"]
[Source "ChessBase"]
[SourceQuality "1"]
[TimeControl "5400+30"]

1. d4 Nf6 2. c4 e6 3. Nf3 b6 4. e3 Bb7 5. Bd3 d5 6. cxd5 exd5 7. O-O Bd6 8. Nc3 a6 9. b3 O-O 10. Bb2 Nbd7 11. Ne2 Ne4 12. Nf4 Qe7 13. Be2 Rae8 14. Nd3 f6 15. Rc1 g6 16. Re1 Qg7 17. Bf1 Qh6 18. g3 Rf7 19. Rc2 Nf8 20. Qc1 Ne6 21. Ba3 c5 22. Bg2 Rc7 23. dxc5 bxc5 24. Rd1 Rec8 25. Nb2 Bf8 26. Ne1 Qh5 27. Na4 c4 28. Bf3 Qf5 29. Bxf8 cxb3 30. Rxc7 Rxc7 31. Qb2 Rc2 32. Qxb3 Rxf2 33. Qxb7 Rxf3 34. Nxf3 Qxf3 35. Qxd5 Qxe3+ 36. Kg2 Qe2+ 37. Kg1 Kxf8 38. Rb1 N6g5 39. Qd8+ Kg7 40. Rb7+ Kh6 41. Qf8+ Kh5 1-0

[Event "Eurasia Open Cup 2019"]
[Site "Ekaterinburg"]
[Date "2019.08.06"]
[Round "6.39"]
[White "Pranizin, Gennady"]
[Black "Morgachev, Sergey"]
[Result "1-0"]
[ECO "B25"]
[WhiteElo "2232"]
[BlackElo "1965"]
[Annotator "NA"]
[PlyCount "81"]
[EventDate "2019.07.31"]
[EventType "swiss"]
[EventCountry "RUS"]
[SourceTitle "playchess.com"]
[Source "ChessBase"]
[SourceQuality "1"]
[TimeControl "5400+30"]

1. e4 c5 2. Nc3 Nc6 3. g3 g6 4. Bg2 Bg7 5. Nge2 e6 6. O-O Nge7 7. d3 d6 8. Bg5 O-O 9. Qd2 Rb8 10. a4 a6 11. Bh6 e5 12. Bxg7 Kxg7 13. f4 f6 14. Rf2 Bg4 15. h3 Bxe2 16. Qxe2 Qd7 17. Raf1 Nd4 18. Qe3 b5 19. axb5 axb5 20. g4 Ne6 21. Ne2 g5 22. fxg5 fxg5 23. Rxf8 Rxf8 24. Rxf8 Kxf8 25. Qf2+ Kg7 26. c3 Qa7 27. Ng3 Nf4 28. Bf1 Qb6 29. Nh5+ Kg6 30. h4 h6 31. hxg5 hxg5 32. Nxf4+ exf4 33. Qh2 Qd8 34. d4 c4 35. Qh5+ Kf6 36. Qh6+ Ng6 37. e5+ dxe5 38. dxe5+ Kxe5 39. Qxg6 Qd2 40. Qxg5+ Kd6 41. Qd8+ 1-0

[Event "Eurasia Open Cup 2019"]
[Site "Ekaterinburg"]
[Date "2019.08.06"]
[Round "6.40"]
[White "Fomin, Pavel V."]
[Black "Iljushina, Olga"]
[Result "0-1"]
[ECO "A36"]
[WhiteElo "2103"]
[BlackElo "2208"]
[Annotator "NA"]
[PlyCount "56"]
[EventDate "2019.07.31"]
[EventType "swiss"]
[EventCountry "RUS"]
[SourceTitle "playchess.com"]
[Source "ChessBase"]
[SourceQuality "1"]
[TimeControl "5400+30"]

1. c4 c5 2. g3 Nc6 3. Bg2 g6 4. e4 Bg7 5. Ne2 d6 6. Nbc3 e5 7. O-O Be6 8. d3 Qd7 9. a3 Bh3 10. f4 h5 11. Nd5 Bxg2 12. Kxg2 h4 13. f5 gxf5 14. exf5 hxg3 15. Nxg3 O-O-O 16. Be3 Bh6 17. Bg1 Nce7 18. Nxe7+ Nxe7 19. b4 Bf4 20. Qf3 Rdg8 21. Qe4 Nxf5 22. Rxf4 Nxg3 23. hxg3 Qh3+ 24. Kf2 Qxg3+ 25. Ke2 Qxf4 26. Qxf4 exf4 27. Rf1 Rh1 28. Bf2 Re8+ 0-1

[Event "Eurasia Open Cup 2019"]
[Site "Ekaterinburg"]
[Date "2019.08.06"]
[Round "6.41"]
[White "Hamitevici, Vladimir"]
[Black "Kirillov, Anton"]
[Result "1-0"]
[ECO "A06"]
[WhiteElo "2480"]
[BlackElo "1855"]
[Annotator "ChessBase"]
[PlyCount "87"]
[EventDate "2019.07.31"]
[EventType "swiss"]
[EventCountry "RUS"]
[SourceTitle "playchess.com"]
[Source "ChessBase"]
[SourceQuality "1"]
[TimeControl "5400+30"]

1. b3 d5 2. Bb2 c5 3. Nf3 Nf6 4. g3 g6 5. c4 d4 6. b4 b6 7. Nxd4 Bb7 8. Nf3 cxb4 9. Qa4+ Nbd7 10. Qxb4 Bg7 11. Bg2 O-O 12. O-O Rc8 13. d3 Re8 14. Qa3 Qc7 15. Nc3 Qb8 16. Ne1 Nc5 17. Rb1 e5 18. Bxb7 Nxb7 19. Nb5 a5 20. Ng2 Nc5 21. Bc1 Red8 22. Bg5 e4 23. Bf4 Qa8 24. Bc7 exd3 25. Bxd8 dxe2 26. Rfe1 Rxd8 27. Rxe2 Nfe4 28. Nc7 Qc8 29. Nd5 Qg4 30. Rbe1 f5 31. Qe3 Ng5 32. Qe8+ Rxe8 33. Rxe8+ Bf8 34. Nf6+ Kf7 35. Nxg4 Nf3+ 36. Kf1 Nxe1 37. Rxe1 fxg4 38. Ne3 h5 39. Nd5 Na4 40. Re2 Bc5 41. Ke1 Bd4 42. Kd2 Nb2 43. Kc2 Nxc4 44. Kd3 1-0

[Event "Eurasia Open Cup 2019"]
[Site "Ekaterinburg"]
[Date "2019.08.06"]
[Round "6.42"]
[White "Eliseev, Mikhail"]
[Black "Savitskiy, Sergey"]
[Result "0-1"]
[ECO "A36"]
[WhiteElo "2173"]
[BlackElo "2418"]
[Annotator "NA"]
[PlyCount "68"]
[EventDate "2019.07.31"]
[EventType "swiss"]
[EventCountry "RUS"]
[SourceTitle "playchess.com"]
[Source "ChessBase"]
[SourceQuality "1"]
[TimeControl "5400+30"]

1. e4 c5 2. c4 Nc6 3. Nc3 g6 4. g3 Bg7 5. Bg2 Nf6 6. Nge2 O-O 7. d3 Ne8 8. h4 h5 9. g4 hxg4 10. h5 Nf6 11. Ng3 d6 12. Be3 Ne5 13. Qd2 Be6 14. Bg5 Nh7 15. hxg6 Nxg5 16. Qxg5 fxg6 17. Qe3 b5 18. cxb5 a6 19. bxa6 Rxa6 20. Nge2 c4 21. Rd1 cxd3 22. Rxd3 Nxd3+ 23. Qxd3 Qb6 24. O-O Ra5 25. Nd5 Bxd5 26. exd5 Qxb2 27. Ng3 Rxa2 28. Ne4 Qe5 29. Ng3 Qf6 30. Ne4 Qf4 31. Qb1 Rb2 32. Qd3 Be5 33. Ng3 Kg7 34. Re1 Qxf2+ 0-1

[Event "Eurasia Open Cup 2019"]
[Site "Ekaterinburg"]
[Date "2019.08.06"]
[Round "6.43"]
[White "Pozin, Sergey"]
[Black "Grebnev, Aleksey"]
[Result "1/2-1/2"]
[ECO "E61"]
[WhiteElo "2299"]
[BlackElo "2093"]
[Annotator "NA"]
[PlyCount "109"]
[EventDate "2019.07.31"]
[EventType "swiss"]
[EventCountry "RUS"]
[SourceTitle "playchess.com"]
[Source "ChessBase"]
[SourceQuality "1"]
[TimeControl "5400+30"]

1. d4 Nf6 2. c4 g6 3. Nc3 Bg7 4. Nf3 O-O 5. Bg5 d6 6. e3 h6 7. Bh4 g5 8. Bg3 Nh5 9. Qc2 c5 10. dxc5 dxc5 11. Be5 Nc6 12. Rd1 Qa5 13. Bxg7 Nxg7 14. h4 g4 15. Nd2 Nb4 16. Qc1 Bf5 17. e4 Bh7 18. Be2 h5 19. O-O e6 20. Nb3 Qb6 21. Qe3 Na6 22. Rd7 Rad8 23. Rfd1 Rxd7 24. Rxd7 Bg6 25. Qd2 Ne8 26. Rd8 Qc7 27. Qg5 Nd6 28. Rxf8+ Kxf8 29. Nb5 Qb6 30. Qe5 Ke7 31. Nc3 Kf8 32. Qh8+ Ke7 33. Qe5 Kf8 34. Na4 Qc6 35. Naxc5 Nxc5 36. Nxc5 Nxe4 37. Nxe4 Qxe4 38. Qxe4 Bxe4 39. f3 gxf3 40. gxf3 Bg6 41. Kf2 Ke7 42. Ke3 e5 43. b4 Kd6 44. f4 f6 45. c5+ Kc7 46. a3 b6 47. cxb6+ Kxb6 48. fxe5 fxe5 49. a4 a5 50. b5 Bc2 51. Bxh5 Bxa4 52. Bg6 Bb3 53. h5 a4 54. h6 Bg8 55. h7 1/2-1/2

[Event "Eurasia Open Cup 2019"]
[Site "Ekaterinburg"]
[Date "2019.08.06"]
[Round "6.44"]
[White "Pogorelskikh, Sofia"]
[Black "Matsenko, Andrei"]
[Result "0-1"]
[ECO "B06"]
[WhiteElo "2189"]
[BlackElo "2293"]
[Annotator "NA"]
[PlyCount "102"]
[EventDate "2019.07.31"]
[EventType "swiss"]
[EventCountry "RUS"]
[SourceTitle "playchess.com"]
[Source "ChessBase"]
[SourceQuality "1"]
[TimeControl "5400+30"]

1. e4 c6 2. d4 g6 3. Nc3 Bg7 4. Nf3 d6 5. h3 b5 6. Bd3 Bb7 7. O-O Nd7 8. Be3 a6 9. Ne2 Ngf6 10. c3 O-O 11. Qd2 e5 12. Bh6 Re8 13. Ng3 exd4 14. Bxg7 Kxg7 15. cxd4 c5 16. d5 Bc8 17. a4 b4 18. b3 Ng8 19. Qc2 a5 20. Nd2 Ba6 21. Bxa6 Rxa6 22. Nc4 h5 23. Rae1 Ngf6 24. Re3 Nb6 25. Rfe1 Nxc4 26. Qxc4 Ra8 27. Qc1 Rc8 28. Nf5+ gxf5 29. Rg3+ Kh7 30. Qg5 Rg8 31. Qxf5+ Rg6 32. e5 dxe5 33. Rxe5 c4 34. Re6 Qxd5 35. Re5 Qd7 36. Qf4 c3 37. Rxg6 fxg6 38. Qxf6 Rc7 39. Re6 Qg7 40. Qxg7+ Kxg7 41. Re1 Rd7 42. Kf1 Rd2 43. Rc1 Rb2 44. g4 hxg4 45. hxg4 Rxb3 46. Ke2 Ra3 47. Kd3 Rxa4 48. Kc4 Ra2 49. f4 Rb2 50. Kb5 c2 51. Kc4 b3 0-1

[Event "Eurasia Open Cup 2019"]
[Site "Ekaterinburg"]
[Date "2019.08.06"]
[Round "6.45"]
[White "Semenova, Elena"]
[Black "Bogachkova, Alena"]
[Result "1-0"]
[ECO "B31"]
[WhiteElo "2286"]
[BlackElo "2085"]
[Annotator "NA"]
[PlyCount "71"]
[EventDate "2019.07.31"]
[EventType "swiss"]
[EventCountry "RUS"]
[SourceTitle "playchess.com"]
[Source "ChessBase"]
[SourceQuality "1"]
[TimeControl "5400+30"]

1. e4 c5 2. Nf3 Nc6 3. Bb5 g6 4. Bxc6 dxc6 5. d3 Bg7 6. h3 Nf6 7. Nc3 O-O 8. Bf4 Ne8 9. Qd2 Nc7 10. Bh6 f6 11. Bxg7 Kxg7 12. a3 e5 13. O-O Ne6 14. b4 Nd4 15. Nh2 Qd6 16. Na4 cxb4 17. axb4 Qc7 18. Ra3 b6 19. c3 Ne6 20. Ng4 Nf4 21. Ne3 Rd8 22. Nb2 Be6 23. Rfa1 Rd7 24. Qc2 Qd8 25. Ra6 f5 26. exf5 gxf5 27. Nbc4 Bxc4 28. dxc4 Qg5 29. Qxf5 Qxf5 30. Nxf5+ Kg6 31. Ng3 Rd3 32. R1a3 h5 33. h4 Rd1+ 34. Kh2 Rad8 35. Rxa7 Rc1 36. Rc7 1-0

[Event "Eurasia Open Cup 2019"]
[Site "Ekaterinburg"]
[Date "2019.08.07"]
[Round "7.1"]
[White "Pridorozhni, Aleksei"]
[Black "Kunin, Vitaly"]
[Result "0-1"]
[ECO "C41"]
[WhiteElo "2586"]
[BlackElo "2527"]
[Annotator "ChessBase"]
[PlyCount "76"]
[EventDate "2019.07.31"]
[EventType "swiss"]
[EventCountry "RUS"]
[SourceTitle "playchess.com"]
[Source "ChessBase"]
[SourceQuality "1"]
[TimeControl "5400+30"]

1. e4 d6 2. d4 Nf6 3. Nc3 e5 4. Nf3 Nbd7 5. Bc4 Be7 6. O-O O-O 7. Re1 a6 8. a4 b6 9. b3 Bb7 10. d5 Ne8 11. g3 g6 12. h4 Ng7 13. Ng5 Bc8 14. Na2 a5 15. b4 Nf6 16. bxa5 bxa5 17. Nc3 h6 18. Nf3 Kh7 19. Nh2 Ng8 20. Ra3 f5 21. Nb5 f4 22. Rc3 Bd7 23. Be2 h5 24. Nf3 Nh6 25. Kg2 Ng4 26. Rh1 c6 27. dxc6 Qb6 28. Ng5+ Bxg5 29. Bxg4 Bxg4 30. f3 fxg3 31. Qg1 Bxf3+ 32. Rxf3 Qxc6 33. Bxg5 Qxc2+ 34. Kxg3 Rxf3+ 35. Kxf3 Rf8+ 36. Ke3 d5 37. Be7 Rf4 38. Rh2 Rxe4+ 0-1

[Event "Eurasia Open Cup 2019"]
[Site "Ekaterinburg"]
[Date "2019.08.07"]
[Round "7.3"]
[White "Khismatullin, Denis"]
[Black "Sargsyan, Shant"]
[Result "0-1"]
[ECO "A28"]
[WhiteElo "2618"]
[BlackElo "2529"]
[Annotator "ChessBase"]
[PlyCount "106"]
[EventDate "2019.07.31"]
[EventType "swiss"]
[EventCountry "RUS"]
[SourceTitle "playchess.com"]
[Source "ChessBase"]
[SourceQuality "1"]
[TimeControl "5400+30"]

1. c4 e5 2. Nc3 Nf6 3. Nf3 Nc6 4. e3 Bb4 5. Nd5 e4 6. Ng1 O-O 7. a3 Bd6 8. Nxf6+ Qxf6 9. f4 exf3 10. Nxf3 Ne5 11. d4 Nxf3+ 12. Qxf3 Be7 13. Bd3 c6 14. Bd2 d5 15. cxd5 Qxf3 16. gxf3 cxd5 17. Rc1 Bd7 18. Rc7 Bh4+ 19. Ke2 Bc6 20. Bf5 Bb5+ 21. Bd3 Bc6 22. Rc1 Bd8 23. R1xc6 bxc6 24. Rxc6 Bb6 25. Bf5 g6 26. Bh3 Rfe8 27. Kd3 f5 28. Rc3 Rec8 29. Rb3 Rab8 30. f4 Bc7 31. Rxb8 Rxb8 32. b4 Kf7 33. Bf1 g5 34. fxg5 Bxh2 35. Be2 Rg8 36. a4 Rxg5 37. b5 Rg1 38. a5 Ra1 39. Bb4 Bc7 40. a6 Ba5 41. Bxa5 Rxa5 42. Kc3 Ra2 43. Bh5+ Ke6 44. Kb3 Ra1 45. Kc2 Ra5 46. Be2 Ra2+ 47. Kd1 Rb2 48. Ke1 f4 49. Bg4+ Kf6 50. exf4 Rxb5 51. Kf2 Rb3 52. Ke2 Rc3 53. Kd2 Rc6 0-1

[Event "Eurasia Open Cup 2019"]
[Site "Ekaterinburg"]
[Date "2019.08.07"]
[Round "7.4"]
[White "Kokarev, Dmitry"]
[Black "Nesterov, Arseniy"]
[Result "1-0"]
[ECO "A20"]
[WhiteElo "2607"]
[BlackElo "2451"]
[Annotator "ChessBase"]
[PlyCount "75"]
[EventDate "2019.07.31"]
[EventType "swiss"]
[EventCountry "RUS"]
[SourceTitle "playchess.com"]
[Source "ChessBase"]
[SourceQuality "1"]
[TimeControl "5400+30"]

1. c4 e5 2. d3 Nf6 3. a3 d6 4. g3 g6 5. Bg2 Bg7 6. Nc3 O-O 7. b4 Re8 8. e4 a5 9. Rb1 axb4 10. axb4 Bg4 11. Nge2 Qc8 12. h3 Be6 13. Bg5 h6 14. Be3 c6 15. Qd2 h5 16. Bh6 Bh8 17. f4 exf4 18. gxf4 Kh7 19. Bg5 Ng8 20. f5 Bxf5 21. exf5 Qxf5 22. Ne4 d5 23. Rf1 Qd7 24. cxd5 f5 25. Nc5 Qf7 26. Kf2 Ne7 27. Nf4 Bd4+ 28. Kg3 Nxd5 29. Bxd5 cxd5 30. Rbe1 Nc6 31. Rxe8 Rxe8 32. Re1 Be5 33. d4 Bxd4 34. Rxe8 Qxe8 35. Nce6 Be5 36. Qxd5 b5 37. Kg2 Qa8 38. Nd8 1-0

[Event "Eurasia Open Cup 2019"]
[Site "Ekaterinburg"]
[Date "2019.08.07"]
[Round "7.5"]
[White "Shaposhnikov, Evgeny"]
[Black "Shubin, Kirill"]
[Result "1/2-1/2"]
[ECO "E14"]
[WhiteElo "2575"]
[BlackElo "2426"]
[Annotator "ChessBase"]
[PlyCount "178"]
[EventDate "2019.07.31"]
[EventType "swiss"]
[EventCountry "RUS"]
[SourceTitle "playchess.com"]
[Source "ChessBase"]
[SourceQuality "1"]
[TimeControl "5400+30"]

1. Nf3 Nf6 2. d4 e6 3. e3 b6 4. Bd3 Bb7 5. O-O d5 6. c4 Bd6 7. b3 Nbd7 8. cxd5 exd5 9. Ba3 Bxa3 10. Nxa3 O-O 11. Rc1 c5 12. Qe2 a6 13. Rfd1 Qe7 14. Nb1 Ne4 15. Nc3 Rfe8 16. Na4 Qf6 17. dxc5 Ndxc5 18. Qb2 Qxb2 19. Nxb2 Rac8 20. Nd4 b5 21. b4 Ne6 22. Ne2 Nd6 23. Bb1 Nc4 24. Nd3 g5 25. Nd4 Nxd4 26. exd4 Re7 27. Re1 Rce8 28. Rxe7 Rxe7 29. Nc5 a5 30. bxa5 Nxa5 31. Bd3 Bc6 32. f3 Ra7 33. Kf2 Nb7 34. Bb1 Nd6 35. Ne6 fxe6 36. Rxc6 Rd7 37. Rb6 Kf8 38. Bxh7 Ke7 39. Ra6 Rc7 40. Bd3 Rc3 41. Ke2 Nc4 42. Ra7+ Kf6 43. Rb7 Ra3 44. Bb1 Nd6 45. Rc7 b4 46. Rc5 b3 47. axb3 Rxb3 48. Bd3 Nf5 49. Bxf5 Kxf5 50. Rc2 Ra3 51. Rd2 Rb3 52. Kf2 Ra3 53. h3 Rb3 54. Kg3 Rb8 55. Rd1 Rb2 56. Rh1 Rd2 57. h4 Rxd4 58. h5 Ra4 59. h6 Ra8 60. h7 Rh8 61. Rh6 d4 62. Kf2 g4 63. fxg4+ Kxg4 64. Rxe6 Rxh7 65. Re4+ Kg5 66. Rxd4 Ra7 67. g3 Ra2+ 68. Kf3 Ra3+ 69. Kg2 Ra1 70. Rb4 Rc1 71. Rb8 Rc4 72. Kh3 Kg6 73. Rb6+ Kg7 74. g4 Rc5 75. Kh4 Ra5 76. Rb1 Kg6 77. Rb7 Rc5 78. Rb6+ Kg7 79. g5 Rc1 80. Rb7+ Kg6 81. Rb6+ Kg7 82. Rb7+ Kg6 83. Rb6+ Kg7 84. Rb7+ Kg6 85. Rb6+ Kg7 86. Rb7+ Kg6 87. Rb6+ Kg7 88. Rb7+ Kg6 89. Rb6+ Kg7 1/2-1/2

[Event "Eurasia Open Cup 2019"]
[Site "Ekaterinburg"]
[Date "2019.08.07"]
[Round "7.6"]
[White "Ulybin, Mikhail"]
[Black "Bocharov, Ivan"]
[Result "0-1"]
[ECO "B51"]
[WhiteElo "2469"]
[BlackElo "2559"]
[Annotator "ChessBase"]
[PlyCount "70"]
[EventDate "2019.07.31"]
[EventType "swiss"]
[EventCountry "RUS"]
[SourceTitle "playchess.com"]
[Source "ChessBase"]
[SourceQuality "1"]
[TimeControl "5400+30"]

1. e4 c5 2. Nf3 d6 3. Bb5+ Nd7 4. O-O a6 5. Bd3 Ngf6 6. c3 b5 7. Bc2 Bb7 8. Re1 c4 9. b4 g6 10. a4 Bg7 11. axb5 axb5 12. Rxa8 Qxa8 13. Na3 Bxe4 14. Nxb5 Qb7 15. Ng5 d5 16. Nxe4 Nxe4 17. Na3 f5 18. Qe2 O-O 19. Kh1 e5 20. f3 Nd6 21. d3 cxd3 22. Bxd3 e4 23. Ba6 Qc6 24. Bf4 Be5 25. Bh6 Ra8 26. Bb5 Nxb5 27. Nxb5 Bxc3 28. Rc1 Ra1 29. Rxa1 Bxa1 30. h3 Be5 31. Be3 f4 32. Bd4 e3 33. g3 Bxd4 34. Nxd4 Qc1+ 35. Kg2 Qd2 0-1

[Event "Eurasia Open Cup 2019"]
[Site "Ekaterinburg"]
[Date "2019.08.07"]
[Round "7.7"]
[White "Moiseenko, Vadim"]
[Black "Kozionov, Kirill"]
[Result "1-0"]
[ECO "B12"]
[WhiteElo "2523"]
[BlackElo "2454"]
[Annotator "ChessBase"]
[PlyCount "57"]
[EventDate "2019.07.31"]
[EventType "swiss"]
[EventCountry "RUS"]
[SourceTitle "playchess.com"]
[Source "ChessBase"]
[SourceQuality "1"]
[TimeControl "5400+30"]

1. e4 c6 2. e5 d5 3. d4 Bf5 4. Nc3 e6 5. g4 Bg6 6. Nge2 h6 7. Be3 Ne7 8. Bg2 Bh7 9. f4 Ng6 10. O-O Nh4 11. Bh3 h5 12. f5 hxg4 13. fxe6 gxh3 14. exf7+ Kd7 15. Ng3 g6 16. Rf6 Be7 17. Bg5 Bxf6 18. Bxf6 Qf8 19. e6+ Kxe6 20. Bxh4 Qxf7 21. Qg4+ Kd6 22. Rf1 Qe8 23. Rf6+ Kc7 24. Re6 Qf8 25. Re7+ Kb6 26. Na4+ Ka5 27. Nc5 b6 28. Nb7+ Ka4 29. Qd1 1-0

[Event "Eurasia Open Cup 2019"]
[Site "Ekaterinburg"]
[Date "2019.08.07"]
[Round "7.8"]
[White "Khanin, Semen"]
[Black "Kabanov, Nikolai"]
[Result "0-1"]
[ECO "B32"]
[WhiteElo "2517"]
[BlackElo "2450"]
[Annotator "ChessBase"]
[PlyCount "146"]
[EventDate "2019.07.31"]
[EventType "swiss"]
[EventCountry "RUS"]
[SourceTitle "playchess.com"]
[Source "ChessBase"]
[SourceQuality "1"]
[TimeControl "5400+30"]

1. e4 c5 2. Nf3 Nc6 3. d4 cxd4 4. Nxd4 e5 5. Nb5 d6 6. N1c3 a6 7. Na3 Be7 8. Nc4 b5 9. Ne3 Nf6 10. g3 O-O 11. Bg2 b4 12. Ncd5 Nxd5 13. Nxd5 Bg5 14. Bxg5 Qxg5 15. a3 bxa3 16. Rxa3 Rb8 17. h4 Qd8 18. b3 Nd4 19. O-O Bb7 20. Ne3 Qc7 21. Ra4 Bc6 22. Rxd4 exd4 23. Qxd4 Bd7 24. Rd1 Rfd8 25. Qxd6 Qxd6 26. Rxd6 Bb5 27. e5 a5 28. c4 Rxd6 29. exd6 Bd7 30. c5 Rc8 31. c6 Bxc6 32. Nf5 Bxg2 33. Ne7+ Kf8 34. Nxc8 Bh3 35. Ne7 Bd7 36. f4 Ke8 37. Kf2 Be6 38. Nc6 Bxb3 39. Nxa5 Bd5 40. Ke3 Kd7 41. Kd4 Kxd6 42. g4 Be6 43. Nb7+ Kc7 44. Nc5 Bxg4 45. Kd5 Kd8 46. Ke5 Ke7 47. Ke4 Kf6 48. Ke3 Kf5 49. Ne4 Bh5 50. Nd6+ Kg4 51. Ne8 Kxh4 52. Nxg7 Bg4 53. Kf2 Bd7 54. f5 Kg5 55. f6 Kxf6 56. Nh5+ Kg5 57. Ng3 Bc6 58. Nf1 h5 59. Nh2 Kf4 60. Nf1 h4 61. Ne3 h3 62. Nf1 Bg2 63. Ng3 Kg4 64. Kg1 f5 65. Kf2 f4 66. Kg1 Kf3 67. Nh5 Ke3 68. Nf6 Ke2 69. Ng4 Be4 70. Nf6 Bf5 71. Nh5 f3 72. Ng3+ Ke1 73. Nh1 Be6 0-1

[Event "Eurasia Open Cup 2019"]
[Site "Ekaterinburg"]
[Date "2019.08.07"]
[Round "7.9"]
[White "Popov, Mikhail"]
[Black "Afanasiev, Nikita"]
[Result "0-1"]
[ECO "B94"]
[WhiteElo "2397"]
[BlackElo "2514"]
[Annotator "ChessBase"]
[PlyCount "92"]
[EventDate "2019.07.31"]
[EventType "swiss"]
[EventCountry "RUS"]
[SourceTitle "playchess.com"]
[Source "ChessBase"]
[SourceQuality "1"]
[TimeControl "5400+30"]

1. e4 c5 2. Nf3 d6 3. d4 Nf6 4. Nc3 cxd4 5. Nxd4 a6 6. Bg5 Nbd7 7. Qe2 h6 8. Bh4 e6 9. f4 g5 10. fxg5 hxg5 11. Bxg5 Be7 12. O-O-O Qc7 13. g3 b5 14. Bg2 Bb7 15. e5 dxe5 16. Bxb7 Qxb7 17. Nb3 b4 18. Bxf6 Nxf6 19. Nb1 Qb5 20. Qg2 Rc8 21. N1d2 a5 22. Kb1 Nd5 23. Rhe1 a4 24. Nc1 a3 25. Ncb3 Rxc2 26. Kxc2 Qc6+ 27. Nc4 Ne3+ 28. Rxe3 Qxg2+ 29. Rd2 Qf1 30. Nba5 axb2 31. Kxb2 Bg5 32. Nd6+ Kf8 33. Nac4 Bxe3 34. Nxe3 Qf3 35. Ndc4 Kg7 36. Kb3 Rb8 37. h4 Qe4 38. Rd1 Rc8 39. Rd7 Qb1+ 40. Ka4 Qxa2+ 41. Kxb4 Qb1+ 42. Kc3 Qc1+ 43. Kb4 Qe1+ 44. Kb3 Qc1 45. Rd1 Rb8+ 46. Ka2 Qc3 0-1

[Event "Eurasia Open Cup 2019"]
[Site "Ekaterinburg"]
[Date "2019.08.07"]
[Round "7.10"]
[White "Kanter, Eduard"]
[Black "Burmakin, Vladimir"]
[Result "1/2-1/2"]
[ECO "E06"]
[WhiteElo "2384"]
[BlackElo "2506"]
[Annotator "ChessBase"]
[PlyCount "40"]
[EventDate "2019.07.31"]
[EventType "swiss"]
[EventCountry "RUS"]
[SourceTitle "playchess.com"]
[Source "ChessBase"]
[SourceQuality "1"]
[TimeControl "5400+30"]

1. d4 c6 2. c4 Nf6 3. Nc3 d5 4. Nf3 a6 5. a4 e6 6. g3 Bb4 7. Bg2 O-O 8. O-O a5 9. Nd2 b6 10. cxd5 cxd5 11. e4 Ba6 12. Re1 Nc6 13. e5 Nd7 14. Nf1 Rc8 15. Qg4 Re8 16. Bh6 Bf8 17. Bg5 Be7 18. Bh6 Bf8 19. Bg5 Be7 20. Bh6 Bf8 1/2-1/2

[Event "Eurasia Open Cup 2019"]
[Site "Ekaterinburg"]
[Date "2019.08.07"]
[Round "7.11"]
[White "Gleizerov, Evgeny"]
[Black "Pogromsky, Mikhail"]
[Result "1/2-1/2"]
[ECO "D85"]
[WhiteElo "2498"]
[BlackElo "2414"]
[Annotator "ChessBase"]
[PlyCount "148"]
[EventDate "2019.07.31"]
[EventType "swiss"]
[EventCountry "RUS"]
[SourceTitle "playchess.com"]
[Source "ChessBase"]
[SourceQuality "1"]
[TimeControl "5400+30"]

1. d4 Nf6 2. c4 g6 3. Nc3 d5 4. cxd5 Nxd5 5. Bd2 Bg7 6. e4 Nb6 7. Be3 O-O 8. h3 e5 9. Nf3 exd4 10. Bxd4 Nc6 11. Bxg7 Qxd1+ 12. Rxd1 Kxg7 13. Bb5 Nb4 14. O-O a6 15. Be2 Be6 16. a3 Nc6 17. Nd4 Nxd4 18. Rxd4 Rfd8 19. Rfd1 Rxd4 20. Rxd4 g5 21. h4 h6 22. g3 g4 23. e5 Nd7 24. Re4 h5 25. f3 gxf3 26. Bxf3 Kh6 27. Rb4 c6 28. Rxb7 Nxe5 29. Be2 a5 30. Kf2 Rd8 31. Ke3 Rg8 32. Ra7 Ng4+ 33. Bxg4 Rxg4 34. Kf3 Rd4 35. Rxa5 Rd2 36. Rc5 Bg4+ 37. Ke3 Rxb2 38. Rxc6+ Kg7 39. Ne4 Rb3+ 40. Rc3 Rb1 41. Nc5 f5 42. Nd3 Kf6 43. Kd4 Rb8 44. a4 Rd8+ 45. Kc5 Rc8+ 46. Kb4 Rb8+ 47. Ka3 Ke6 48. a5 Kd5 49. Nb4+ Ke4 50. a6 Ra8 51. Ka4 Be2 52. Rc6 f4 53. Re6+ Kf3 54. gxf4 Bxa6 55. Nxa6 Kxf4 56. Rg6 Kf3 57. Kb5 Rf8 58. Rg5 Rf4 59. Rxh5 Kg4 60. Rh8 Rf5+ 61. Nc5 Rh5 62. Rg8+ Kxh4 63. Kc4 Rg5 64. Rh8+ Kg4 65. Kd4 Rg7 66. Rf8 Re7 67. Ne4 Ra7 68. Nc5 Re7 69. Nd3 Ra7 70. Nf2+ Kg5 71. Ne4+ Kg4 72. Nc3 Re7 73. Nd5 Ra7 74. Ke5 Ra5 1/2-1/2